 Dungeon Crawl Stone Soup version 0.28-a0-60-g54b5640690 (webtiles) character file.

Game seed: 13541128952247431681

198 quinnr the Gusty (level 5, -9/29 HPs)
             Began as a Tengu Air Elementalist on July 30, 2021.
             Was a Follower of Nemelex Xobeh.
             Killed by divine providence
             ... invoked by an orc priest
              (15 damage)
             ... on level 3 of the Dungeon.
             The game lasted 00:05:26 (2932 turns).

quinnr the Gusty (Tengu Air Elementalist)           Turns: 2932, Time: 00:05:26

Health: -9/29      AC:  3    Str:  8    XL:     5   Next: 76%
Magic:  10/10      EV: 15    Int: 17    God:    Nemelex Xobeh [*.....]
Gold:   185        SH:  0    Dex: 14    Spells: 5/10 levels left

rFire   . . .      SeeInvis .   (no weapon)
rCold   . . .      Faith    .   (no shield)
rNeg    . . .      Spirit   .   a - +0 robe
rPois   .          Reflect  .   (helmet restricted)
rElec   .          Harm     .   c - +0 cloak
rCorr   .          Rampage  .   (no gloves)
Will    .....                   (boots unavailable)
Stlth   ++........              (no amulet)
HPRegen 0.09/turn               (no ring)
MPRegen 0.12/turn               (no ring)

@: flying quickly and evasively, quick
A: beak, talons 3, nimble flight
a: Renounce Religion, Draw Escape, Draw Destruction, Draw Summoning


You were on level 3 of the Dungeon.
You worshipped Nemelex Xobeh.
Nemelex Xobeh was aware of your devotion.
You visited 1 branch of the dungeon, and saw 3 of its levels.

You collected 185 gold pieces.

Inventory:

Armour
 a - a +0 robe (worn)
 c - a +0 cloak (worn)
 f - a +0 cloak
Scrolls
 b - a scroll of blinking {unknown}
 d - a scroll of noise {unknown}
 e - a scroll of identify {unknown}


   Skills:
 - Level 1.0 Fighting
 - Level 3.0 Dodging
 - Level 3.0 Stealth
 - Level 3.0 Spellcasting
 - Level 2.0 Conjurations
 + Level 5.3 Air Magic
 + Level 1.7 Invocations


You had 5 spell levels left.
You knew the following spells:

 Your Spells              Type           Power      Damage    Failure   Level
a - Shock                 Conj/Air       60%        1d6       3%          1
b - Airstrike             Air            10%        N/A       19%         4

Your spell library contained the following spells:

 Spells                   Type           Power      Damage    Failure   Level
 Static Discharge         Conj/Air       15%        N/A       6%          2
 Swiftness                Air            20%        N/A       6%          3
 Gell's Gravitas          Tloc           1%         N/A       45%         3
 Lesser Beckoning         Tloc           1%         N/A       45%         3
 Teleport Other           Tloc           2%         N/A       45%         3


Dungeon Overview and Level Annotations

Branches:
Dungeon (3/15)

Altars:
Nemelex Xobeh

Shops:
D:1 =

Annotations:
D:2 1 runed translucent door, Crazy Yiuf


Innate Abilities, Weirdness & Mutations

You have a beak for a mouth.
You have claws for feet.
Your magical nature lets you fly swiftly and evasively.


Message History

You bump into the rock wall.
You bump into the rock wall.
The orc wizard gestures at you while chanting.
You are more confused.
You bump into the rock wall.
The orc wizard gestures at you while chanting.
You are more confused.
You bump into the rock wall.
You bump into the rock wall.
The orc wizard gestures at you while chanting.
The magic dart hits you.
You bump into the rock wall.
The orc wizard points at you and mumbles some strange words.
The puff of flame hits you!
You bump into the rock wall.
The orc wizard misses you.
You bump into the rock wall.
The orc wizard barely misses you.
A ball python, an orc, an orc priest and an orc wizard come into view.
The orc shouts!
The orc wizard shouts!
The ball python hisses angrily.
The orc priest shouts!
You are too confused!
Unknown command.
You aren't carrying any potions.
Unknown command.
The orc wizard casts a spell at you. The magic dart hits you.
You miss the orc priest. The orc wizard misses you.
The orc wizard gestures wildly while chanting.
The orc wizard flickers and vanishes!
Deactivating autopickup; reactivate with Ctrl-A.
The orc priest hits you but does no damage.
You bump into the rock wall.
You feel less confused. The orc wizard casts a spell at you.
The puff of flame hits you!
* * * LOW HITPOINT WARNING * * *
The orc priest calls down the wrath of Beogh upon you.
Beogh smites you!
Ouch! That really hurt!
You die...
Your body disappears without a glow.

#############
#.o@..>.....########
#.#o................
#.#..........#######
#.#o{######.........
#.#S.# #.########
#.#..# #.#######.
#.#..# #.........
#.#..# #..#####..
#)#..# #..# #..


You could see an orc priest, an orc wizard, an orc and a ball python.

Vanquished Creatures
  A phantom (D:3)
  2 adders (D:3)
  A worm (D:2)
  A dart slug (D:1)
  4 orcs
  5 bats
  2 endoplasms
  2 giant cockroaches (D:2)
  9 goblins
  4 hobgoblins
  11 jackals
  3 quokkas
  10 ball pythons
  4 frilled lizards
  6 kobolds
  2 rats
67 creatures vanquished.

Vanquished Creatures (collateral kills)
  An orc wizard (D:3)
  A howler monkey skeleton (D:3)
  A kobold (D:3)
3 creatures vanquished.

Grand Total: 70 creatures vanquished

Notes
Turn   | Place    | Note
-------+----------+-------------------------------------------
     0 | D:1      | quinnr the Tengu Air Elementalist began the quest for the
                  | Orb.
     0 | D:1      | Reached XP level 1. HP: 10/10 MP: 4/4
   263 | D:1      | Reached XP level 2. HP: 15/15 MP: 1/6
   312 | D:1      | Found Fuedu's Jewellery Boutique.
   844 | D:1      | Reached XP level 3. HP: 20/20 MP: 5/7
  1632 | D:2      | Reached skill level 1 in Fighting
  1632 | D:2      | Reached XP level 4. HP: 25/25 MP: 3/8
  1867 | D:2      | Found a faded altar of an unknown god.
  1967 | D:2      | Became a worshipper of Nemelex Xobeh the Trickster
  1967 | D:2      | Reached * piety under Nemelex Xobeh
  2199 | D:2      | Found a runed translucent door.
  2200 | D:2      | Noticed Crazy Yiuf
  2296 | D:2      | Learned a level 4 spell: Airstrike
  2521 | D:3      | Received a gift from Nemelex Xobeh
  2705 | D:3      | Gained mutation: Your magical nature lets you fly swiftly
                  | and evasively. [Tengu growth]
  2705 | D:3      | Reached XP level 5. HP: 26/29 MP: 5/10
  2742 | D:3      | Noticed a phantom
  2752 | D:3      | Killed a phantom
  2753 | D:3      | Reached skill level 5 in Air Magic
  2753 | D:3      | Reached skill level 1 in Invocations
  2932 | D:3      | Killed from afar by an orc priest

Illustrated notes

Levels and vault maps discovered:
D:1:      sevenhm_arrival_forest_fort_large_2, layout_rooms, serial_shops, shop,
          roderic_st_hans_cross
D:2:      layout_loops_ring, shapermc_ecumenical_altar_petra,
          hangedman_feature_mirror, uniq_crazy_yiuf_cottage
D:3:      layout_loops_ring, grunt_ministairs_2

Skill      XL: |  1  2  3  4  5 |
---------------+----------------+-----
Conjurations   | 2 |  2.0
Fighting       | 1 |  1.0
Dodging        | 3 |  3.0
Stealth        | 3 |  3.0
Spellcasting   | 3 |  3.0
Air Magic      | 5 |  5.3
Invocations    | 1 |  1.7

Action                   |  1- 3 |  4- 6 || total
-------------------------+-------+-------++-------
Melee: Unarmed           |     5 |     1 ||     6
       Kick              |     1 |       ||     1
       Peck              |     1 |       ||     1
 Cast: Shock             |    86 |    42 ||   128
       Airstrike         |       |     2 ||     2
Invok: Draw Summoning    |       |     1 ||     1
       Draw Destruction  |       |     1 ||     1
Armor: Robe              |    12 |     1 ||    13
Dodge: Dodged            |    23 |     7 ||    30

Table legend: (Time is in decaauts)
 A = Elapsed time spent in this place.
 B = Non-inter-level travel time spent in this place.
 C = Inter-level travel time spent in this place.
 D = Time resting spent in this place.
 E = Time spent auto-exploring this place.
 F = Levels seen in this place.
 G = Mean time per level.
                   A        B        C        D        E       F      G
               +--------+--------+--------+--------+--------+-----+--------+
         Total |   2924 |   2843 |     81 |     80 |   2417 |   3 |  974.7 |
       Dungeon |   2924 |   2843 |     81 |     80 |   2417 |   3 |  974.7 |
               +--------+--------+--------+--------+--------+-----+--------+

Top non-repeatable levels by time:
     D:2: 1363 daAuts
     D:1: 1130 daAuts
     D:3: 431 daAuts
